Arrhythmia, neutral female human Tourist ---------- |........| |...u....| |....@.f.. |....<...| ---------- Arrhythmia the Excursionist Experience level: 6 Strength: 25 Dexterity: 13 Constitution: 12 Intelligence: 16 Wisdom: 8 Charisma: 13 Health: 0(32) Energy: 21(21) AC: 1 Gold: 775 Moves: 2980 Your Inventory: Coins $ - 775 gold pieces Weapons a - 32 uncursed +2 darts (in quiver) O - an [uncursed +0] dagger (weapon in hand) Armor i - a blessed +0 Hawaiian shirt (being worn) m - a [cursed -3] leather hat [elven leather helm] E - a [blessed] +2 banded mail of power (being worn) Z - an [uncursed] +0 visored helmet [of brilliance] (being worn) Comestibles c - an uncursed tripe ration g - an [uncursed stale] egg Tools e - an [uncursed] partly used [wax] candle (lit) f - an [uncursed] bag called Portal to the elemental plane of TEETH [of holding] j - an uncursed expensive camera (0:92) k - an uncursed credit card Gems W - an [uncursed] yellow gem [worthless glass] Y - 2 [uncursed] violet gems [worthless glass] Contents of the bag of holding: 989 gold pieces an uncursed Hot Futa Mare Dick an uncursed cream pie 6 uncursed food rations an [uncursed] scroll labeled ANDOVA BEGARIN [of identify] an [uncursed] scroll labeled AQUE BRAGH [of create monster] an [uncursed] scroll labeled ELAM EBOW [of enchant weapon] an [uncursed] scroll labeled FNORD [of destroy armor] an [uncursed] scroll labeled HZLRC KSTSBD MPFNG [of remove curse] a [blessed] scroll labeled MAPIRO MAHAMA DIROMAT [of food detection] an [uncursed] scroll labeled MAPIRO MAHAMA DIROMAT [of food detection] an [uncursed] scroll labeled READ ME [of stinking cloud] an [uncursed] scroll labeled YUM YUM [of confuse monster] 2 uncursed scrolls of magic mapping 2 [uncursed] clear potions [of water] an [uncursed] indigo potion [of invisibility] 2 uncursed potions of extra healing an [uncursed] sky blue potion [of fruit juice] an [uncursed] oak wand [of opening (0:5)] 18 [uncursed wax] candles Spells known in the end: Name Level Category Fail Memory Your skills at the end: Fighting Skills Weapon Skills dart [Basic / Expert] Spellcasting Skills Final Attributes: You were fervently aligned. Hunger level was 421. Your alignment was 11 / 24. Monster difficulty range was 1 - 6. Level difficulty was 6. Your luck was zero. You are dead. Vanquished creatures: a small mimic a pony a shrieker a wax golem a little dog a kobold lord 3 rothes a giant bat a dwarf zombie a werejackal an iguana 2 acid blobs 5 giant rats 2 brown molds a red mold a gecko 4 jackals a fox a kobold a goblin 2 grid bugs 6 lichens 6 newts 45 creatures vanquished. Voluntary challenges: You were an atheist. You used a wielded weapon 12 times. You read items or engraved 39 times. You put on armor 3 times. You never genocided any monsters. You never polymorphed an object. You never changed form. You used no wishes. You wrote Elbereth's name 24 times. You never encountered a bones level. You never used any Sokoban shortcuts. Dungeon overview: The Dungeons of Doom: levels 1 to 6 Level 1 a long staircase Level 3 a general store Level 4 a scroll shop, a sink stairs to The Gnomish Mines Level 5 some fountains Level 6 <- You were here The Gnomish Mines: Level 5 stairs to The Dungeons of Doom History has recorded: On T:1 you entered the Dungeons of Doom to retrieve the Amulet of Yendor! On T:324 you advanced to experience level 2. On T:482 you reached level 2 of The Dungeons of Doom. On T:790 you reached level 3 of The Dungeons of Doom. On T:925 you advanced to experience level 3. On T:1208 you advanced to experience level 4. On T:1319 you advanced to experience level 5. On T:1471 you reached level 4 of The Dungeons of Doom. On T:2211 you reached level 1 of The Gnomish Mines. On T:2252 you advanced to experience level 6. On T:2373 you reached level 5 of The Dungeons of Doom. On T:2967 you reached level 6 of The Dungeons of Doom. Latest messages: Aloha Arrhythmia, the human Tourist, welcome back to DynaHack! Done exploring. Where do you want to travel to? You displaced Katia. Katia picks up 11 crossbow bolts. Katia drops 11 crossbow bolts. You displaced Katia. You write "Elbereth" with your fingers into the dust. You add "Elbereth" with your fingers to the writing in the dust. (2x) Katia misses the black unicorn. The black unicorn butts! The black unicorn kicks! The black unicorn misses. The black unicorn kicks! [HP-14=18] The dart misses the black unicorn. The black unicorn misses. The black unicorn kicks! The black unicorn butts! The black unicorn kicks! You die... Final status: Aloha Arrhythmia the Tourist... You died in The Dungeons of Doom on dungeon level 6 with 1030 points, and 1764 pieces of gold, after 2980 moves. You were level 6 with a maximum of 32 hit points when you died.